 Dungeon Crawl Stone Soup version 0.21.0-3-g78d12a8 (webtiles) character file.

181 Exporg the Covered (level 5, -6/47 HPs)
             Began as a Minotaur Fighter on Jan 16, 2018.
             Mangled by a goblin
             ... wielding a +0 dagger of electrocution
              (20 damage)
             ... on level 3 of the Dungeon.
             The game lasted 00:03:13 (2492 turns).

Exporg the Covered (Minotaur Fighter)               Turns: 2492, Time: 00:03:14

Health: -6/47      AC: 12    Str: 20    XL:     5   Next: 34%
Magic:  4/4        EV:  5    Int:  5    God:
Gold:   262        SH:  9    Dex: 11    Spells: 4/4 levels left

rFire    . . .     SeeInvis .   a - +0 war axe
rCold    . . .     Gourm    .   c - +0 shield
rNeg     . . .     Faith    .   v - +0 chain mail
rPois    .         Spirit   .   (helmet restricted)
rElec    .         Reflect  .   i - +0 cloak
rCorr    .         Harm     .   e - +0 pair of gloves
MR       .....                  (no boots)
Stlth    ..........             (no amulet)
HPRegen  0.15/turn              (no ring)
MPRegen  0.09/turn              (no ring)

@: no status effects
A: retaliatory headbutt, horns 2
a: no special abilities


You were on level 3 of the Dungeon.
You were not hungry.

You visited 1 branch of the dungeon, and saw 3 of its levels.

You collected 262 gold pieces.

Inventory:

Hand Weapons
 a - a +0 war axe (weapon)
 u - a +0 flail
Missiles
 m - 13 bolts
Armour
 b - a +0 scale mail
 c - a +0 shield (worn)
 e - a +0 pair of gloves (worn)
 i - a +0 cloak (worn)
 o - a +0 scale mail
 v - a +0 chain mail (worn)
Wands
 t - a wand of polymorph (15)
Scrolls
 h - 3 scrolls of remove curse
 l - a scroll of enchant armour {unknown}
 n - a scroll of amnesia {unknown}
 r - a scroll of magic mapping {unknown}
 s - a scroll of fog {unknown}
 w - a scroll of identify {unknown}
Potions
 d - a potion of might
 g - a potion of curing {unknown}
 j - a potion of flight {unknown}
 k - 3 potions of brilliance {unknown}
 p - 2 potions of haste {unknown}
 q - a potion of degeneration {unknown}
Comestibles
 f - 6 rations


   Skills:
 + Level 4.4 Fighting
 + Level 4.5 Axes
 + Level 4.7 Armour
 + Level 0.5 Dodging
 + Level 4.5 Shields


You had 4 spell levels left.
You didn't know any spells.

Dungeon Overview and Level Annotations

Branches:
Dungeon (3/15)

Altars:
Gozag
Makhleb
Trog


Innate Abilities, Weirdness & Mutations

You reflexively headbutt those who attack you in melee.
You have a pair of horns on your head.


Message History

You are too injured to fight recklessly!
You are too injured to fight recklessly!
You are too injured to fight recklessly!
You are too injured to fight recklessly!
You are too injured to fight recklessly!
You are too injured to fight recklessly!
You closely miss the goblin.
The goblin is heavily wounded.
You block the goblin's attack.
You closely miss the goblin.
The goblin is heavily wounded.
You block the goblin's attack. The goblin barely misses you.
You furiously retaliate!
You headbutt the goblin.
Your shield and chain mail prevent you from hitting the goblin.
The goblin is severely wounded.
You block the goblin's attack.
You closely miss the goblin.
The goblin is severely wounded.
The goblin hits you but does no damage.
You are electrocuted!
You die...

..## ##.####.#
...###.......####.#.#.#.
###.....................
#####†########..#.#.#.
#.# #........ #.#
#..#.#.#. # #.# #.......
### #.########.g.# ..#
#.......>.@# #.#
#########..# #.# #..##
#.# #...# #.# #.#.#
#.#############.#.#
#....##.........#.# #.#
........#########.# #.#
#...[##....[..>. .# #.#


You could see a goblin.

Vanquished Creatures
  A phantom (D:3)
  An ooze (D:1)
  A worm (D:3)
  2 dart slugs
  2 leopard geckos
  7 orcs (D:3)
  3 giant cockroaches
  9 goblins
  11 hobgoblins
  A ball python (D:2)
  12 bats
  5 frilled lizards
  11 kobolds
  5 rats
71 creatures vanquished.

Notes
Turn   | Place    | Note
-------+----------+-------------------------------------------
     0 | D:1      | Exporg the Minotaur Fighter began the quest for the Orb.
     0 | D:1      | Reached XP level 1. HP: 19/19 MP: 0/0
   125 | D:1      | Reached XP level 2. HP: 22/27 MP: 1/1
   349 | D:1      | Reached XP level 3. HP: 31/33 MP: 2/2
   842 | D:2      | Found an opulent altar of Gozag.
   927 | D:2      | Found a burning altar of Makhleb.
  1393 | D:2      | Noticed a green death
  1396 | D:2      | Noticed a ynoxinul
  1396 | D:2      | Noticed a neqoxec
  1486 | D:2      | Found a faded altar of an unknown god.
  1703 | D:3      | Reached XP level 4. HP: 29/40 MP: 3/3
  1913 | D:3      | Noticed a phantom
  1937 | D:3      | Killed a phantom
  1937 | D:3      | Reached XP level 5. HP: 28/47 MP: 4/4
  2408 | D:3      | Found a bloodstained altar of Trog.
  2492 | D:3      | Mangled by a goblin

Skill      XL: |  1  2  3  4 |
---------------+-------------+-----
Armour         | 4 |  4.7
Shields        | 4 |  4.5
Fighting       | 4 |  4.4
Axes           | 3 4 |  4.5
Dodging        | |  0.5

Action                   |  1- 3 |  4- 6 || total
-------------------------+-------+-------++-------
Melee: War axe           |    92 |    56 ||   148
       Headbutt          |    12 |    11 ||    23
  Use: Scroll            |       |     1 ||     1
  Eat: Chunk             |     2 |     3 ||     5
Armor: Scale mail        |    59 |    14 ||    73
       Chain mail        |       |     7 ||     7
Dodge: Dodged            |    34 |    18 ||    52
Block: Shield            |    60 |    30 ||    90
